 Dungeon Crawl Stone Soup version 0.29-a0-322-g68df515428 (webtiles) character file.

Game seed: 1013733189404209342

89 Morbidden the Ruffian (level 4, -2/44 HPs)
             Began as a Troll Fighter on Apr 8, 2022.
             Slain by an orc priest
             ... wielding a +0 short sword
              (7 damage)
             ... on level 3 of the Dungeon.
             The game lasted 00:01:26 (1610 turns).

Morbidden the Ruffian (Troll Fighter)               Turns: 1610, Time: 00:01:27

Health: -2/44      AC:  4    Str: 26    XL:     4   Next: 31%
Magic:  3/3        EV: 10    Int:  4    God:
Gold:   99         SH:  0    Dex:  9    Spells: 3/3 levels left

rFire   . . .      SeeInvis .     - Unarmed
rCold   . . .      Faith    .   (no shield)
rNeg    . . .      Spirit   .   a - +0 robe
rPois   .          Reflect  .   (helmet restricted)
rElec   .          Harm     .   (no cloak)
rCorr   .          Rampage  .   (gloves unavailable)
Will    .....                   (boots unavailable)
Stlth   +.........              (no amulet)
HPRegen 0.94/turn               (no ring)
MPRegen 0.08/turn               (no ring)

@: no status effects
A: large, unfitting armour, claws 3, regeneration 1, shaggy fur 1, tough skin 1
a: no special abilities


You were on level 3 of the Dungeon.
You visited 1 branch of the dungeon, and saw 3 of its levels.

You collected 99 gold pieces.

Inventory:

Missiles
 f - 6 javelins (quivered)
Armour
 a - a +0 robe (worn)
Wands
 o - a wand of flame (30)
Scrolls
 b - 4 scrolls of identify {unknown}
 h - a scroll of immolation {unknown}
 i - a scroll of enchant armour {unknown}
 l - a scroll of teleportation {unknown}
 n - a scroll of torment {unknown}
Potions
 c - a potion of might
 d - 2 potions of brilliance {unknown}
 e - 2 potions of lignification {unknown}
 g - 2 potions of curing {unknown}
 j - a potion of attraction {unknown}
 k - a potion of haste {unknown}
 m - a potion of resistance {unknown}


   Skills:
 * Level 2.9 Fighting
 * Level 0.9 Throwing
 * Level 2.8 Dodging
 + Level 0.2 Stealth
 + Level 2.5 Shields
 * Level 3.0 Unarmed Combat
 * Level 0.4 Spellcasting


You had 3 spell levels left.
You didn't know any spells.
Your spell library was empty.

Dungeon Overview and Level Annotations

Branches:
Dungeon (3/15)

Altars:
Ru

Shops:
D:1 *


Innate Abilities, Weirdness & Mutations

You are too large for most types of armour.
You have claws for hands.
Your natural rate of healing is unusually fast.
You are covered in fur. (AC +1)
You have tough skin. (AC +1)


Message History

You have reached level 4!
Throw: 8 javelins
Press: ? - help, Q - select action, (/) - cycle Shift-Dir - straight line, f/p - orc priest
Aim: an orc priest, wielding a +0 short sword and wearing a +0 ring mail (58% to hit)
You throw a javelin. The javelin barely misses the orc.
The javelin barely misses the orc priest.
The orc priest calls down the wrath of Beogh upon you.
Beogh smites you!
* * * LOW HITPOINT WARNING * * *
The orc hits you with a +0 club.
* * * LOW HITPOINT WARNING * * *
A worm comes into view.
The orc barely misses you.
Unknown command.
Throw: 7 javelins
Press: ? - help, Q - select action, (/) - cycle Shift-Dir - straight line, f/p - orc priest
Aim: an orc priest, wielding a +0 short sword and wearing a +0 ring mail (58% to hit)
You throw a javelin. The javelin pierces through the orc!
You kill the orc!
The javelin pierces through the orc priest.
The orc priest is lightly wounded.
The javelin pierces through the worm.
The worm is lightly wounded.
Unknown command.
Unknown command.
Unknown command.
You scratch the orc priest.
The orc priest is heavily wounded.
The orc closely misses you.
The orc priest hits you with a +0 short sword.
* * * LOW HITPOINT WARNING * * *
Unknown command.
Unknown command.
Unknown command.
You completely miss the orc priest.
The orc priest is heavily wounded.
The orc hits you with a +0 hand axe.
* * * LOW HITPOINT WARNING * * *
The orc priest hits you with a +0 short sword!
You die...

## ... #####...
...#############.....
...#.............?##
...#.............o.######
...#............@o...w<(.
...#..........####(######
....†....###### ...
....[.>..# .....
.........# .....(.
.<.......# .......
.........# ##.####
.........# .# #.#........


You could see a worm, an orc priest and an orc.

Vanquished Creatures
  An orc priest (D:3)
  An adder (D:2)
  2 dart slugs
  An orc (D:3)
  4 bats
  4 endoplasms
  A giant cockroach (D:1)
  2 goblins (D:2)
  A hobgoblin (D:1)
  4 jackals (D:1)
  4 kobolds
  4 quokkas
  4 ball pythons
  2 frilled lizards
  8 rats
43 creatures vanquished.

Notes
Turn   | Place    | Note
-------+----------+-------------------------------------------
     0 | D:1      | Morbidden the Troll Fighter began the quest for the Orb.
     0 | D:1      | Reached XP level 1. HP: 22/22 MP: 0/0
   222 | D:1      | Reached XP level 2. HP: 29/29 MP: 1/1
   225 | D:1      | Found Jusuemp's Assorted Antiques.
   821 | D:1      | Reached XP level 3. HP: 36/36 MP: 2/2
  1238 | D:2      | Found a sacrificial altar of Ru.
  1607 | D:3      | Reached skill level 3 in Unarmed Combat
  1607 | D:3      | Reached XP level 4. HP: 26/44 MP: 3/3
  1610 | D:3      | Slain by an orc priest

Illustrated notes

Levels and vault maps discovered:
D:1:      minmay_arrival_split_and_join, layout_basic, serial_shops,
          nicolae_shop_hallway_plus, serial_forest, infiniplex_forest_split,
          infiniplex_forest_lined_1, infiniplex_forest_lined_room_3,
          infiniplex_forest_end_2, infiniplex_forest_end_2,
          infiniplex_forest_lined_1, infiniplex_forest_lined_corner,
          infiniplex_forest_straight_3, infiniplex_forest_straight_4,
          infiniplex_forest_lined_room_, minmay_misc_feat_square
D:2:      cheibrodos_helix_gallery, layout_basic, basic_altar
D:3:      layout_rooms, lemuel_tele_altar, mainiacjoe_overflow_tiny_flanked,
          shapermc_ecumenical_altar_mp_vishouse

Skill      XL: |  1  2  3 |
---------------+----------+-----
Unarmed Combat | 3 |  3.0
Fighting       | |  2.9
Throwing       | |  0.9
Dodging        | |  2.8
Stealth        | |  0.2
Shields        | |  2.5
Spellcasting   | |  0.4

Action                   |  1- 3 |  4- 6 || total
-------------------------+-------+-------++-------
Melee: Unarmed           |    94 |     2 ||    96
       Punch             |     2 |       ||     2
Throw: Javelin           |     2 |     2 ||     4
 Stab: Sleeping          |     1 |       ||     1
Armor: Robe              |    23 |       ||    23
Dodge: Dodged            |    41 |     2 ||    43

Table legend: (Time is in decaauts)
 A = Elapsed time spent in this place.
 B = Non-inter-level travel time spent in this place.
 C = Inter-level travel time spent in this place.
 D = Time resting spent in this place.
 E = Time spent auto-exploring this place.
 F = Levels seen in this place.
 G = Mean time per level.
                   A        B        C        D        E       F      G
               +--------+--------+--------+--------+--------+-----+--------+
         Total |   1606 |   1561 |     45 |     36 |   1287 |   3 |  535.3 |
       Dungeon |   1606 |   1561 |     45 |     36 |   1287 |   3 |  535.3 |
               +--------+--------+--------+--------+--------+-----+--------+

Top non-repeatable levels by time:
     D:1: 1051 daAuts
     D:2: 522 daAuts
     D:3: 32 daAuts
